 Dungeon Crawl Stone Soup version 0.30-a0-802-gb92711bcdf (webtiles) character file.

Game seed: 9803332564343125069

225267 avis the Marksdemigod (level 17, -24/156 HPs)
             Began as a Demigod Ice Elementalist on Feb 23, 2023.
             Killed by a resonance strike
             ... invoked by Zenata
              (31 damage)
             ... on level 1 of the Vaults on Feb 24, 2023.
             The game lasted 05:45:30 (43745 turns).

avis the Marksdemigod (Demigod Ice Elementalist)   Turns: 43745, Time: 05:45:31

Health: -24/156    AC: 13    Str:  9    XL:     17   Next: 55%
Magic:  24/27      EV: 35    Int: 23    God:
Gold:   581        SH:  0    Dex: 47    Spells: 4/24 levels left

rFire   + . .      SeeInvis .    a - +8 great sword "Yreewnio" {venom, Dex+7 Stlth+}
rCold   + . .      Faith    .    (shield currently unavailable)
rNeg    + . .      Spirit   .    S - +3 leather armour {rF+}
rPois   +          Reflect  .    t - +2 hat
rElec   .          Harm     .    K - +1 cloak {Will+}
rCorr   .          Rampage  .    l - +0 pair of gloves
Will    ++...                    I - +0 pair of boots
Stlth   ++++++                   W - amulet of the acrobat
HPRegen 0.46/turn                o - +6 ring of dexterity
MPRegen 0.20/turn                B - ring "Foriycu" {Fly rPois rC+ rN+ Int+6}

@: flying
A: high MP 1, forlorn, divine attributes
}: 2/15 runes: decaying, gossamer
a: no special abilities


You were on level 1 of the Vaults.
You visited 7 branches of the dungeon, and saw 30 of its levels.
You visited 1 bazaar.
You also visited: Bailey and Volcano.

You collected 2998 gold pieces.
You spent 2417 gold pieces at shops.

Inventory:

Hand Weapons
 a - the +8 great sword "Yreewnio" (weapon) {venom, Dex+7 Stlth+}
   (You bought it in a shop on level 1 of the Orcish Mines)

   Dex:       It affects your dexterity (+7).
   Stlth:     It makes you more stealthy.
 b - the +5 shortbow of Starshine {speed, Will++ rCorr Str+2}
   (You bought it in a shop on level 2 of the Dungeon)

   Str:       It affects your strength (+2).
   rCorr:     It protects you from acid and corrosion.
   Will:      It greatly increases your willpower.
 w - a +2 longbow of flaming
Missiles
 V - a throwing net
Armour
 l - a +0 pair of gloves (worn)
 t - a +2 hat (worn)
 I - a +0 pair of boots (worn)
 K - a +1 cloak of willpower (worn)
 S - a +3 leather armour of fire resistance (worn)
Jewellery
 h - a ring of see invisible
 o - a +6 ring of dexterity (left hand)
 p - a ring of ice
 B - the ring "Foriycu" (right hand) {Fly rPois rC+ rN+ Int+6}
   (You found it on level 4 of the Dungeon)

   [ring of intelligence]

   Int:       It affects your intelligence (+6).
   rC:        It protects you from cold.
   rPois:     It protects you from poison.
   rN:        It protects you from negative energy.
   Fly:       It grants you flight.
 W - an amulet of the acrobat (around neck)
Wands
 d - a wand of polymorph (21)
 y - a wand of paralysis (23)
 D - a wand of iceblast (33)
 L - a wand of light (11)
 Q - a wand of flame (37)
 T - a wand of mindburst (21)
Scrolls
 f - a scroll of blinking
 g - 2 scrolls of silence
 i - a scroll of butterflies
 k - a scroll of poison
 m - 3 scrolls of fear
 n - a scroll of magic mapping
 E - 5 scrolls of fog
 H - 12 scrolls of teleportation
Potions
 e - 6 potions of brilliance
 j - 5 potions of heal wounds
 q - 4 potions of berserk rage
 r - 5 potions of magic
 s - 8 potions of curing
 u - 5 potions of might
 z - 3 potions of invisibility
 A - 2 potions of flight
 C - 4 potions of cancellation
 G - 2 potions of resistance
 R - 5 potions of ambrosia
Miscellaneous
 J - a condenser vane


   Skills:
 - Level 15.0 Fighting
 - Level 14.0 Long Blades
 - Level 16.0 Ranged Weapons
 - Level 5.0 Armour
 * Level 14.0 Dodging
 - Level 5.0 Stealth
 - Level 4.0 Spellcasting
 - Level 5.0 Translocations
 - Level 10.0 Ice Magic


You had 4 spell levels left.
You knew the following spells:

 Your Spells              Type           Power      Damage    Failure   Level
a - Freeze                Ice            100%       1d10      1%          1
e - Wereblood             Tmut           4%         N/A       21%         2
m - Manifold Assault      Tloc           27%        N/A       17%         4
o - Ozocubu's Armour      Ice            50%        N/A       1%          3
r - Frozen Ramparts       Ice            100%       1d16      1%          3
z - Ozocubu's Refrigerat  Ice            25%        4d13      88%         7

Your spell library contained the following spells:

 Spells                   Type           Power      Damage    Failure   Level
 Apportation              Tloc           54%        N/A       1%          1
 Hailstorm                Conj/Ice       27%        3d7       5%          3
 Beastly Appendage        Tmut           8%         N/A       14%         1
 Kiss of Death            Conj/Necr      16%        2d6       14%         1
 Necrotise                Necr           16%        1d4       14%         1
 Summon Small Mammal      Summ           16%        N/A       14%         1
 Portal Projectile        Hex/Tloc       32%        N/A       14%         3
 Summon Ice Beast         Ice/Summ       27%        N/A       17%         4
 Kindle Blastsparks       Fire/Tloc/Air  24%        2d12      22%         3
 Confusing Touch          Hex            4%         N/A       38%         3
 Ignite Poison            Fire/Tmut/Pois 4%         N/A       38%         3
 Spider Form              Tmut/Pois      4%         N/A       38%         3
 Tukima's Dance           Hex            4%         N/A       38%         3
 Animate Dead             Necr           4%         N/A       80%         4
 Dispel Undead            Necr           4%         3d7       80%         4
 Fulminant Prism          Conj/Hex       2%         3d5       80%         4
 Olgreb's Toxic Radiance  Pois           4%         N/A       80%         4
 Petrify                  Tmut/Erth      4%         N/A       80%         4
 Metabolic Englaciation   Hex/Ice        13%        N/A       43%         5
 Freezing Cloud           Conj/Ice/Air   9%         6-21      69%         5
 Dispersal                Tloc           13%        N/A       95%         6
 Alistair's Intoxication  Tmut/Pois      2%         N/A       98%         5
 Blade Hands              Tmut           2%         N/A       98%         5
 Borgnjor's Vile Clutch   Necr/Erth      2%         N/A       98%         5
 Death Channel            Necr           2%         N/A       100%        6
 Statue Form              Tmut/Erth      2%         N/A       100%        6
 Disjunction              Tloc           13%        N/A       100%        8
 Ignition                 Fire           2%         3d3       100%        8


Dungeon Overview and Level Annotations

Branches:
Dungeon (13/15)            Temple (1/1) D:6            Lair (5/5) D:9
  Swamp (4/4) Lair:3       Spider (4/4) Lair:2        Slime (0/5) Lair:5
    Orc (2/2) D:11            Elf (0/3) Orc:2        Vaults (1/5) D:13
 Bailey (visited)         Volcano (visited)

Shops:
D:2 (=   D:8 :   Orc:1 (   Orc:2 !:*(

Portals:
Abyss: Spider:4

Annotations:
Vaults:1 Zenata


Innate Abilities, Weirdness & Mutations

You have an increased reservoir of magic. (+10% MP)
You shall have no god before yourself.
Your divine heritage dramatically boosts your attributes as you level up.


Message History

The bolt completely misses you.
The yaktaur shoots a bolt.
The bolt closely misses you.
You completely miss the dire elephant.
The dire elephant is lightly wounded.
The dire elephant completely misses you.
The dire elephant misses you.
Strange energies crackle from the ironbound thunderhulk's apparatus.
The ironbound thunderhulk blinks!
The yaktaur shoots a bolt.
The bolt hits you!!
You slice the dire elephant!!
The dire elephant looks as sick as possible!
The dire elephant is heavily wounded.
The dire elephant tramples you!!
You hold your ground!
The dire elephant misses you.
The yaktaur unwields a +0 arbalest of freezing.
The yaktaur completely misses you.
You cut the dire elephant into ribbons!!!
The dire elephant is almost dead.
The dire elephant completely misses you.
The dire elephant misses you.
A yaktaur breaks down the large door.
Casting: Ozocubu's Armour (safe; 1% risk of failure)
Confirm with . or Enter, or press ? or * to list all spells.
A film of ice covers your body!
You kill the dire elephant!
Electricity crackles from the ironbound thunderhulk's apparatus.
The bolt of lightning hits you!!!
* * * LOW HITPOINT WARNING * * *
Training target 14.0 for Long Blades reached!
Your Long Blades skill increases to level 14!
You need to enable at least one skill for training.
Blink to where?
Press: ? - help, Dir - move target, p - yaktaur Your icy armour will break if you move.
Continue?
Your icy armour cracks and falls away as you move.
As you read the scroll of blinking, it crumbles to dust.
The ironbound thunderhulk falls through a shaft!
The shaft crumbles and collapses.
Zenata casts a spell at you.
A blast of power from the earth strikes you!
You die...

#....#########
#....#.§.....#
#....'c.c....#
#....a.p.....#
#....#.......#
#....#.......#
#....c.......#
#....#.○.....#
......)+.@.....#
.......#.......#
.......#.......#
##.....#.......#
#.....#########
#.....


You could see Zenata, a vault warden and 3 yaktaurs.

Vanquished Creatures
  the Lernaean hydra (Swamp:4)
  Nikola (Swamp:3)
  Arachne (Spider:4)
  Jorgrun (D:13)
  Mlioglotl (Spider:3)
  Asterion (Spider:4)
  An acid blob (Lair:5)
  Gastronok (D:12)
  Kirke (Spider:4)
  A fenstrider witch (Swamp:2)
  6 emperor scorpions
  2 ghost moths
  7 broodmothers
  4 eleionomae
  Nessos (D:12)
  4 dire elephants (Vaults:1)
  2 bunyips (Swamp:3)
  An ettin (Orc:2)
  The ghost of mandoloar the Thaumaturge, a journeyman DECj of Vehumet (Lair:5)
  A shambling mangrove (Swamp:1)
  A fire dragon (Lair:5)
  The ghost of Kuoschy the Carver, a journeyman OpDe of Gozag (Orc:1)
  5 entropy weavers
  2 ghost crabs (Lair:3)
  14 hydras
  Erolcha (D:11)
  2 ogre magi
  3 jorogumos
  A centaur warrior (D:12)
  4 radroaches
  12 two-headed ogres
  A boulder beetle (Spider:3)
  11 alligators
  A death scarab (Spider:4)
  4 death yaks (Lair:4)
  A hell knight (Volcano)
  Sonja (D:10)
  3 spriggans
  5 skeletal warriors
  5 goliath frogs
  6 pharaoh ants
  12 orb spiders
  3 sun moths
  A spriggan druid (Swamp:4)
  15 swamp dragons
  A bog body (Swamp:2)
  6 steelbarb worms
  4 lindwurms
  4 orc knights
  2 deep elf pyromancers (D:12)
  18 wolf spiders
  3 cyclopes
  5 will-o-the-wisps
  4 ugly things
  3 manticores (D:12)
  An elephant (shapeshifter) (D:12)
  6 moths of wrath
  A black mamba (Lair:3)
  13 demonic crawlers
  3 gargoyles
  5 komodo dragons
  11 torpor snails
  A kobold demonologist (D:12)
  3 unseen horrors
  A komodo dragon (shapeshifter) (D:9)
  10 cane toads
  An efreet (D:12)
  4 rime drakes
  8 trolls
  A meliai (Spider:4)
  A polar bear (shapeshifter) (D:12)
  A bloated husk (Swamp:1)
  12 tyrant leeches
  15 hornets
  A spectral dream sheep (Lair:3)
  A spectral elephant (Lair:3)
  26 tarantellas
  7 dream sheep
  10 blink frogs
  9 culicivoras
  21 jumping spiders
  A spectral black mamba (Lair:3)
  12 slime creatures
  6 wyverns
  Sigmund (D:2)
  4 wraiths
  34 yaks
  A spectral komodo dragon (Lair:3)
  14 vampire mosquitoes
  5 basilisks
  3 hogs (Spider:4)
  44 redbacks
  Grum (Lair:1)
  9 swamp worms
  3 acid dragons
  8 water moccasins
  A warg (Orc:1)
  45 orc warriors
  9 swamp drakes
  4 ice beasts
  A black bear (Lair:1)
  A sky beast (D:8)
  3 ogres
  11 wolves
  11 centaurs (Orc:2)
  A phantom (D:4)
  Blork the orc (D:4)
  A kobold brigand (D:9)
  7 bullfrogs
  2 gnoll sergeants (D:7)
  3 scorpions
  17 wights
  6 killer bees (D:5)
  6 howler monkeys
  2 gnoll boudas
  7 jellies
  15 orc priests
  4 hounds
  Natasha (thrice) (D:2)
  6 iguanas
  20 orc wizards
  13 gnolls (D:7)
  4 adders
  A shadow imp (D:5)
  2 white imps (D:6)
  2 worms (D:2)
  4 dart slugs
  75 orcs
  4 bats
  19 endoplasms
  A giant cockroach (D:1)
  8 goblins
  6 hobgoblins
  7 jackals
  9 kobolds
  6 quokkas
  A ball python (D:1)
  3 frilled lizards
  3 rats
  A lurking horror (Spider:4)
879 creatures vanquished.

Vanquished Creatures (others)
  A hydra (Lair:3)
  3 bloated husks
  A centaur simulacrum (D:12)
  A human (Spider:4)
  8 foxfires
  16 fungi
  24 plants
  3 starspawn tentacles (Spider:3)
57 creatures vanquished.

Grand Total: 936 creatures vanquished

Notes
Turn   | Place    | Note
-------+----------+-------------------------------------------
     0 | D:1      | avis the Demigod Ice Elementalist began the quest for the
                  | Orb.
     0 | D:1      | Reached XP level 1. HP: 14/14 MP: 5/5
   254 | D:1      | Reached XP level 2. HP: 20/20 MP: 4/7
   964 | D:2      | Noticed Sigmund
  1042 | D:2      | Found Reatisk's Antique Weapon Shop.
  1071 | D:2      | Reached XP level 3. HP: 23/26 MP: 4/9
  1118 | D:2      | Learned a level 3 spell: Frozen Ramparts
  1122 | D:2      | Learned a level 3 spell: Ozocubu's Armour
  1200 | D:2      | Found Ucoang's One-of-a-Kind Rings.
  2110 | D:2      | Noticed Natasha
  2140 | D:2      | Killed Natasha
  2141 | D:2      | Reached skill level 5 in Ice Magic
  2141 | D:2      | Reached XP level 4. HP: 33/33 MP: 3/10
  2228 | D:2      | Noticed Natasha
  2247 | D:2      | Killed Natasha
  2366 | D:2      | Noticed Natasha
  2376 | D:2      | Killed Natasha
  2377 | D:2      | Reached skill level 1 in Fighting
  2841 | D:3      | Reached XP level 5. HP: 40/40 MP: 10/12
  3557 | D:4      | Reached skill level 1 in Ranged Weapons
  3671 | D:4      | Reached skill level 2 in Ranged Weapons
  3811 | D:4      | Identified the +8 hand axe of Vatuguar {drain, rF+ Int+3}
  3881 | D:4      | Reached XP level 6. HP: 26/48 MP: 6/13
  3987 | D:4      | Noticed Blork the orc
  3999 | D:4      | Killed Blork the orc
  4000 | D:4      | Reached skill level 3 in Ranged Weapons
  4301 | D:4      | Identified the ring "Foriycu" {Fly rPois rC+ rN+ Int+6}
  4583 | D:5      | Entered Level 5 of the Dungeon
  4778 | D:4      | Reached skill level 4 in Ranged Weapons
  5154 | D:5      | Reached XP level 7. HP: 55/55 MP: 2/14
  5325 | D:5      | Reached skill level 5 in Ranged Weapons
  5524 | D:5      | Reached skill level 6 in Ranged Weapons
  6006 | D:6      | Found a staircase to the Ecumenical Temple.
  6109 | D:2      | Bought an ichor-stained shortbow for 200 gold pieces
  6109 | D:2      | Identified the +5 shortbow of Starshine {speed, Will++
                  | rCorr Str+2} (You bought it in a shop on level 2 of the
                  | Dungeon)
  6188 | Temple   | Entered the Ecumenical Temple
  6499 | D:6      | Reached XP level 8. HP: 61/61 MP: 15/15
  6574 | D:6      | Reached skill level 5 in Dodging
  6888 | D:6      | Learned a level 4 spell: Manifold Assault
  6989 | D:7      | Got the Collected Works on Bewitchment
  7379 | D:7      | Reached skill level 7 in Ranged Weapons
  7704 | D:7      | Noticed an angel
  7973 | D:8      | Found Weunlius's Book Emporium.
  8411 | D:8      | Reached skill level 8 in Ranged Weapons
  8441 | D:8      | Reached XP level 9. HP: 53/66 MP: 3/16
  9390 | D:9      | Found a flagged portal.
  9469 | D:9      | Noticed a komodo dragon
  9478 | D:9      | Killed a komodo dragon
  9505 | Bailey   | Entered a bailey
  9947 | Bailey   | Reached XP level 10. HP: 73/77 MP: 13/19
 10066 | Bailey   | Noticed an orc knight
 10097 | Bailey   | Killed an orc knight
 10098 | Bailey   | Reached skill level 9 in Ranged Weapons
 10280 | Bailey   | Reached skill level 10 in Ranged Weapons
 10280 | Bailey   | Reached skill level 10 in Dodging
 10280 | Bailey   | Reached XP level 11. HP: 82/82 MP: 20/20
 10516 | D:9      | Reached skill level 5 in Fighting
 10525 | D:9      | Reached skill level 11 in Ranged Weapons
 10606 | D:9      | Found a staircase to the Lair.
 10931 | Lair:1   | Entered Level 1 of the Lair of Beasts
 10933 | Lair:1   | Noticed Grum
 10947 | Lair:1   | Killed Grum
 11944 | Lair:1   | Reached skill level 12 in Ranged Weapons
 12913 | Lair:2   | Noticed a pharaoh ant
 12923 | Lair:2   | Killed a pharaoh ant
 12979 | Lair:2   | Found a hole to the Spider Nest.
 13785 | Lair:3   | Noticed a five-headed hydra
 13797 | Lair:2   | Killed a five-headed hydra
 13798 | Lair:2   | Reached XP level 12. HP: 85/94 MP: 18/21
 14114 | Lair:3   | Reached skill level 5 in Stealth
 14339 | Lair:3   | Noticed a five-headed hydra
 14353 | Lair:3   | Killed a five-headed hydra
 14734 | Lair:3   | Found a staircase to the Swamp.
 14734 | Lair:3   | Noticed a ghost crab
 14755 | Lair:3   | Reached skill level 5 in Translocations
 15037 | Lair:3   | Killed a ghost crab
 15360 | Lair:3   | Upgraded the game from 0.30-a0-800-g7c544603b3 to
                  | 0.30-a0-802-gb92711bcdf
 15443 | Lair:4   | Learned a level 7 spell: Ozocubu's Refrigeration
 15904 | Lair:4   | Reached skill level 10 in Fighting
 15916 | Lair:4   | Found a dark tunnel.
 15926 | Volcano  | Entered a volcano
 15962 | Volcano  | Noticed an ogre mage
 15975 | Volcano  | Killed an ogre mage
 16032 | Volcano  | Reached XP level 13. HP: 113/113 MP: 22/22
 16168 | Volcano  | Reached skill level 13 in Ranged Weapons
 17075 | Lair:4   | Reached XP level 14. HP: 97/121 MP: 17/24
 17406 | Lair:5   | Entered Level 5 of the Lair of Beasts
 17483 | Lair:5   | Found a runed translucent door.
 17483 | Lair:5   | Noticed an acid blob
 17489 | Lair:5   | Found a staircase to the Slime Pits.
 18220 | Lair:5   | Found a runed translucent door.
 18222 | Lair:5   | Noticed mandoloar's ghost (journeyman DECj)
 18608 | Lair:5   | Found a runed translucent door.
 18998 | Lair:5   | Reached skill level 10 in Ice Magic
 19153 | Lair:5   | Killed mandoloar's ghost
 19391 | D:2      | Killed Sigmund
 19653 | Lair:5   | Killed an acid blob
 19780 | D:10     | Entered Level 10 of the Dungeon
 20181 | D:10     | Noticed Sonja
 20185 | D:10     | Killed Sonja
 21279 | D:11     | Noticed Erolcha
 21289 | D:11     | Killed Erolcha
 21406 | D:11     | Reached skill level 14 in Ranged Weapons
 22389 | D:11     | Found a staircase to the Orcish Mines.
 22594 | Spider:1 | Entered Level 1 of the Spider Nest
 22629 | Spider:1 | Noticed an emperor scorpion
 22662 | Lair:2   | Killed an emperor scorpion
 22909 | Spider:1 | Noticed an emperor scorpion
 23041 | Lair:2   | Killed an emperor scorpion
 24347 | Spider:1 | Reached skill level 15 in Ranged Weapons
 24515 | Spider:1 | Noticed an emperor scorpion
 24558 | Spider:1 | Killed an emperor scorpion
 25133 | Swamp:1  | Entered Level 1 of the Swamp
 25185 | Lair:3   | Reached XP level 15. HP: 79/126 MP: 21/25
 26860 | Orc:1    | Entered Level 1 of the Orcish Mines
 27067 | Orc:1    | Found Mesakhiz's Weapon Shoppe.
 27320 | Orc:1    | Found a runed translucent gate.
 27321 | Orc:1    | Found a runed translucent gate.
 27323 | Orc:1    | Found a runed translucent gate.
 27331 | Orc:1    | Noticed Kuoschy's ghost (journeyman OpDe)
 27357 | Orc:1    | Killed Kuoschy's ghost
 27358 | Orc:1    | Reached skill level 16 in Ranged Weapons
 27728 | Orc:2    | Entered Level 2 of the Orcish Mines
 27776 | Orc:2    | Found a staircase to the Elven Halls.
 27777 | Orc:2    | Found a flickering gateway to a bazaar.
 27792 | Bazaar   | Entered a bazaar
 27806 | Bazaar   | Found Hesh's Armour Shoppe.
 27822 | Bazaar   | Found Feavekh's Antique Weapon Shoppe.
 27837 | Bazaar   | Found Nur Qaec's Magic Scroll Emporium.
 27841 | Bazaar   | Bought a scroll of brand weapon for 142 gold pieces
 27841 | Bazaar   | Bought a scroll of enchant weapon for 112 gold pieces
 27841 | Bazaar   | Bought a scroll of amnesia for 60 gold pieces
 27841 | Bazaar   | Bought a scroll of silence for 142 gold pieces
 27841 | Bazaar   | Bought a scroll of identify for 30 gold pieces
 27841 | Bazaar   | Bought a scroll of identify for 30 gold pieces
 27841 | Bazaar   | Bought a scroll of teleportation for 45 gold pieces
 27841 | Bazaar   | Bought a scroll of teleportation for 45 gold pieces
 27873 | Bazaar   | Bought a scroll of amnesia for 60 gold pieces
 28716 | Orc:2    | Found Eblooff's Book Shoppe.
 28716 | Orc:2    | Found Volepuac's General Store.
 28718 | Orc:2    | Found Arijubaf's Weapon Shop.
 28720 | Orc:2    | Found Kugrichu's Distillery.
 28915 | Orc:2    | Bought a potion of curing for 54 gold pieces
 28915 | Orc:2    | Bought a potion of heal wounds for 90 gold pieces
 28915 | Orc:2    | Bought a potion of heal wounds for 90 gold pieces
 28915 | Orc:2    | Bought a potion of heal wounds for 90 gold pieces
 28915 | Orc:2    | Bought a potion of invisibility for 144 gold pieces
 28915 | Orc:2    | Bought a potion of invisibility for 144 gold pieces
 28915 | Orc:2    | Bought a potion of mutation for 144 gold pieces
 29271 | Spider:1 | Reached skill level 1 in Armour
 30800 | Spider:2 | Reached skill level 5 in Armour
 30805 | Spider:2 | Reached skill level 1 in Long Blades
 32932 | Swamp:2  | Reached skill level 5 in Long Blades
 33136 | Swamp:2  | Noticed a fenstrider witch
 33165 | Swamp:2  | Killed a fenstrider witch
 33735 | Orc:1    | Bought the +8 great sword "Yreewnio" {venom, Dex+7 Stlth+}
                  | for 795 gold pieces
 34434 | Spider:3 | Reached XP level 16. HP: 51/141 MP: 26/26
 35008 | Spider:3 | Noticed Mlioglotl
 35027 | Spider:3 | Noticed a tentacled starspawn
 35063 | Spider:3 | Killed Mlioglotl
 35715 | Swamp:3  | Identified the +0 robe of Ygumed {Int+4}
 36403 | Spider:4 | Entered Level 4 of the Spider Nest
 36645 | Spider:4 | Found a one-way gate to the infinite horrors of the Abyss.
 37008 | Spider:4 | Noticed Asterion
 37020 | Spider:4 | Killed Asterion
 37077 | Spider:4 | Reached skill level 10 in Long Blades
 37872 | Spider:4 | Noticed Kirke
 37887 | Spider:4 | Killed Kirke
 38010 | Spider:4 | Identified the +5 dagger of the Healing Gods {heavy, Dex+3}
 38021 | Spider:4 | Noticed Arachne
 38046 | Spider:4 | Killed Arachne
 38700 | Spider:4 | Got a gossamer rune of Zot
 39010 | Swamp:4  | Entered Level 4 of the Swamp
 39149 | Swamp:4  | Noticed Nikola
 39181 | Swamp:3  | Killed Nikola
 39629 | Swamp:4  | Reached XP level 17. HP: 100/152 MP: 21/27
 39660 | Swamp:4  | Noticed the 27-headed Lernaean hydra
 40248 | Swamp:4  | Got a decaying rune of Zot
 40336 | Swamp:4  | Killed the 27-headed Lernaean hydra
 40825 | D:12     | Reached skill level 15 in Fighting
 40953 | D:12     | Identified the +5 hand axe "Daimyts" {freeze, *Slow rElec
                  | rC++ Dex+2}
 41013 | D:12     | Noticed Nessos
 41015 | D:12     | Killed Nessos
 41143 | D:12     | Noticed Gastronok
 41162 | D:12     | Killed Gastronok
 42495 | D:13     | Noticed Jorgrun
 42509 | D:13     | Killed Jorgrun
 42898 | D:13     | Found a gate to the Vaults.
 43302 | D:13     | Learned a level 2 spell: Wereblood
 43627 | Vaults:1 | Entered Level 1 of the Vaults
 43691 | Vaults:1 | Noticed Zenata
 43744 | Vaults:1 | HP: 6/156 [ironbound thunderhulk/bolt of lightning (50)]
 43745 | Vaults:1 | Killed from afar by Zenata

Illustrated notes

Levels and vault maps discovered:
D:1:      dpeg_arrival_orchard, layout_rooms, minivault_19
D:2:      layout_basic, serial_shops, nicolae_shop_competitors_out_of_business,
          nicolae_shop_unique_rings, minivault_5, uniq_sigmund, uniq_natasha
D:3:      layout_rooms
D:4:      layout_loops_ring, mainiacjoe_overflow_tiny_flanked, minmay_distorted,
          uniq_blork_the_orc
D:5:      layout_rooms
D:6:      layout_loops_ring, lemuel_doored_altar, minmay_temple_entry_grid
D:7:      layout_cave_pools, grunt_temple_overflow_order_and_chaos_1,
          nicolae_dithmenos_the_darkroom, serial_glass, glass_columns_b,
          glass_columns_c, hangedman_abyss_or_decor_lesser_grid, eino_curves_04
D:8:      layout_gridville, nicolae_overflow_hallway_of_the_gods, serial_shops,
          shop
D:9:      layout_gridville, hellmonk_lair_entry_icy, enter_bailey_8,
          nicolae_lava_and_water
D:10:     layout_long_grid, mainiacjoe_overflow_alcove_2, amcnicky_altar_gilded,
          uniq_sonja
D:11:     lemuel_slime, layout_loops_ring, david_orc_4, uniq_erolcha
D:12:     minmay_the_grid_triangle_9x9_recursive_2
          [minmay_the_grid_triangle_9x9_prize_insulated,
          minmay_the_grid_triangle_9x9_sparse_checkered,
          minmay_the_grid_triangle_9x9_from_above,
          minmay_the_grid_triangle_9x9_alien], layout_loops_ring,
          uniq_gastronok, uniq_nessos
D:13:     layout_loops_ring, david_vaults_2, eino_small_chamber_without_monster,
          uniq_jorgrun
Temple:   compressed_dpeg_circular_temple
Lair:1:   layout_cave_pods, dreamdust_gnoll_shepherd, lemuel_fruit_fields,
          uniq_grum
Lair:2:   layout_hall_layers, nicolae_spider_entry_lesser_pyramids, basic_altar,
          worms_lemuel, lemuel_fruit_fields
Lair:3:   layout_concentric_octagons, nicolae_swamp_entry_spooky
Lair:4:   layout_roguey, nicolae_volcano_entry_vermiform, grunt_megastairs_1
Lair:5:   wormcave, layout_cave_pods, slime_entry_2,
          ebering_ghost_reflecting_pool
Swamp:1:  layout_falls_marsh, evilmike_swamp_ruin_rubble_1
Swamp:2:  layout_basic_swamp, evilmike_swamp_ruin_house_1, swamp_pool5
Swamp:3:  layout_basic_swamp, nicolae_swamp_fairy_circle,
          infiniplex_staircase_pool_2
Swamp:4:  swamp_old_school, layout_basic_swamp, infiniplex_staircase_pool,
          uniq_nikola
Spider:1: layout_spider_delve, hellmonk_test_site
Spider:2: layout_chambers, nicolae_spider_cling_halls
Spider:3: layout_spider_delve, drop_trap, uniq_mlioglotl
Spider:4: hellmonk_spider_rune_endless_swarm, amcnicky_altar_lugonu_corruption,
          uniq_asterion, uniq_arachne, uniq_kirke
Orc:1:    layout_caves, basic_altar, ebering_ghost_rock_garden, serial_shops,
          nicolae_shop_bloodbath_and_beyond
Orc:2:    st_orc_rangers, layout_caves, serial_shops, bzr_entry_customers
Vaults:1: ontoclasm_vaults_gateway, grunt_vaults_hallway_long,
          grunt_vaults_funnel, nicolae_vaults_network_star,
          hangedman_vaults_restitches, vaults_dpeg_diagonal,
          vaults_room_hangedman_quadrants, hangedman_vaults_snaps,
          vaults_mumra_chevron, v_misc_1, nicolae_vaults_network_s,
          nicolae_vaults_little_squares_3, layout_vaults_big_room, uniq_zenata

Skill      XL: |  1  2  3  4  5  6  7  8  9 10 11 12 13 14 15 16 17 |
---------------+----------------------------------------------------+-----
Ice Magic      | 4 5 6 7 10 | 10.0
Spellcasting   | 2 3 4 |  4.0
Fighting       | 1 2 3 5 10 13 14 15 | 15.0
Dodging        | 2 3 4 6 8 10 12 13 14 | 14.0
Stealth        | 2 4 5 |  5.0
Ranged Weapons | 2 4 6 8 10 12 13 15 16 | 16.0
Translocations | 2 5 |  5.0
Armour         | 5 |  5.0
Long Blades    | 6 12 14 | 14.0

Action                     |  1- 3 |  4- 6 |  7- 9 | 10-12 | 13-15 | 16-18 || total
---------------------------+-------+-------+-------+-------+-------+-------++-------
  Melee: Dagger            |     4 |    15 |    42 |       |       |       ||    61
         Short sword       |     1 |       |       |       |       |       ||     1
         Punch             |       |       |     2 |       |       |       ||     2
         Triple sword      |       |       |       |    15 |       |       ||    15
         Great sword       |       |       |       |       |    53 |   297 ||   350
   Fire: Sling             |       |    97 |    20 |       |       |       ||   117
         Shortbow          |       |       |   300 |   583 |  1754 |   827 ||  3464
   Cast: Freeze            |    41 |     7 |       |       |       |       ||    48
         Frozen Ramparts   |     4 |    23 |    26 |    38 |   100 |    49 ||   240
         Ozocubu's Armour  |     3 |    14 |    31 |    55 |   126 |    86 ||   315
    Use: Potion            |       |       |       |     6 |    10 |    12 ||    28
         Scroll            |       |       |       |    13 |    17 |     4 ||    34
   Stab: Sleeping          |     1 |       |       |       |       |     2 ||     3
         Distracted        |       |     1 |       |       |       |       ||     1
         Invisible         |       |       |       |       |       |     6 ||     6
 Armour: Robe              |     6 |    15 |    11 |    39 |       |       ||    71
         Leather armour    |       |       |     8 |     5 |   234 |   141 ||   388
         Acid dragon scale |       |       |       |       |     2 |       ||     2
  Dodge: Dodged            |     9 |    64 |    97 |   330 |  1338 |   885 ||  2723

Table legend: (Time is in decaauts)
 A = Elapsed time spent in this place.
 B = Non-inter-level travel time spent in this place.
 C = Inter-level travel time spent in this place.
 D = Time resting spent in this place.
 E = Time spent auto-exploring this place.
 F = Levels seen in this place.
 G = Mean time per level.
                   A        B        C        D        E       F      G
               +--------+--------+--------+--------+--------+-----+--------+
         Total |  42288 |  35152 |   7136 |  11337 |  12418 |  33 | 1281.5 |
       Dungeon |  16768 |  13366 |   3402 |   3347 |   6575 |  13 | 1289.8 |
        Temple |     40 |     28 |     12 |      0 |      0 |   1 |   40.0 |
          Lair |  10033 |   8043 |   1990 |   2640 |   3093 |   5 | 2006.6 |
         Swamp |   4480 |   4034 |    446 |   1725 |   1276 |   4 | 1120.0 |
   Spider Nest |   7964 |   6875 |   1089 |   2813 |   1032 |   4 | 1991.0 |
  Orcish Mines |   1592 |   1396 |    196 |    317 |    319 |   2 |  796.0 |
        Vaults |    103 |    103 |      0 |     41 |      0 |   1 |  103.0 |
        Bazaar |    153 |    153 |      0 |      0 |      0 |   1 |  153.0 |
        Bailey |    736 |    736 |      0 |    378 |      0 |   1 |  736.0 |
       Volcano |    414 |    414 |      0 |     73 |    123 |   1 |  414.0 |
               +--------+--------+--------+--------+--------+-----+--------+

Top non-repeatable levels by time:
  Lair:3: 2955 daAuts
Spider:1: 2794 daAuts
  Lair:1: 2054 daAuts
  Lair:2: 2012 daAuts
     D:2: 2003 daAuts
Spider:2: 1976 daAuts
Spider:4: 1971 daAuts
    D:11: 1824 daAuts
  Lair:5: 1756 daAuts
     D:4: 1636 daAuts
     D:9: 1590 daAuts
 Swamp:1: 1441 daAuts
    D:12: 1357 daAuts
     D:8: 1339 daAuts
  Lair:4: 1253 daAuts
